Map: 亚历山大港 - 天梯版

Players

SortOf - Winner!

  • Race: Zerg Zerg

ShahriarDeMi

  • Race: Terran Terran
  • League: Diamond

Event: WESG 2018 Grand Finals

VOD

Have the link to the VOD?

Description

Time

  • Played on: March 12, 2019, 4:16 a.m.
  • Length: 8:15

All games in this series

Show
View Real Time Build Order
Export as new Build Order

SortOf Zerg - Winner!

Build Orders: Pool First 

Get SALT Encoding   

  12  0:00  Drone  
  13  0:14  Overlord  
  13  0:18  Drone  
  14  0:32  Drone x2  
  16  0:42  Spawning Pool  
  15  0:45  Drone  
  17  0:50  Drone  
  17  1:10  Hatchery  
  16  1:13  Drone  
  17  1:28  Zergling x4  
  17  1:29  Zergling x2  
  20  1:32  Queen  
  20  1:35  Extractor  
  21  1:42  Overlord  
  21  1:57  Drone  
  22  2:02  Drone  
  23  2:11  Queen  
  25  2:18  Drone  
  26  2:26  Drone  
  26  2:28  Drone  
  28  2:31  Queen  
  28  2:34  Drone  
  28  2:35  Drone  
  31  2:45  Drone x2  
  31  2:46  Overlord  
  33  2:52  Drone  
  33  2:53  Drone  
  34  3:01  Hatchery  
  34  3:03  Drone  
  33  3:06  Drone  
  33  3:09  Drone  
  35  3:16  Metabolic Boost  
  35  3:21  Queen  
  35  3:24  Overlord  
  35  3:27  Drone  
  38  3:29  Drone  
  38  3:32  Drone x2  
  41  3:36  Zergling x4  
  41  3:38  Zergling x2  
  44  3:43  Drone x2  
  44  3:48  Drone  
  47  3:50  Drone  
  47  3:52  Overlord  
  48  3:58  Queen  
  48  4:00  Drone x2  
  48  4:02  Overlord  
  52  4:09  Overlord  
  52  4:12  Drone x4  
  52  4:16  Queen  
  58  4:22  Zergling x6  
  61  4:25  Drone  
  61  4:26  Spore Crawler  
  61  4:28  Zergling x4  
  63  4:34  Overlord  
  63  4:35  Drone x3  
  66  4:40  Drone  
  66  4:41  Drone  
  66  4:42  Overlord  
  66  4:44  Drone x2  
  70  4:54  Evolution Chamber  
  70  4:55  Evolution Chamber  
  70  4:56  Queen  
  70  4:59  Spore Crawler  
  69  5:02  Drone x5  
  69  5:06  Overlord  
  74  5:11  Zergling x6  
  74  5:13  Drone x3  
  80  5:18  Extractor  
  80  5:20  Drone x2  
  81  5:21  Zerg Melee Weapons Level 1, Zerg Ground Armor Level 1  
  81  5:29  Extractor  
  81  5:32  Overlord  
  81  5:33  Drone x2  
  82  5:38  Zergling x16  
  90  5:46  Overlord, Queen x2  
  88  5:56  Zergling x8  
  88  5:57  Zergling x4  
  76  6:06  Drone x5  
  76  6:11  Drone x2  
  81  6:16  Lair  
  81  6:17  Drone x2  
  83  6:18  Drone  
  83  6:19  Drone  
  83  6:22  Baneling Nest  
  83  6:24  Drone  
  85  6:29  Drone  
  85  6:41  Drone x4  
  85  6:44  Extractor x2  
  85  6:55  Hatchery  
  85  6:57  Drone x2  
  85  6:58  Drone x4  
  88  7:02  Overlord, Extractor  
  88  7:03  Zergling x10  
  92  7:09  Zergling x2  
  92  7:13  Zergling x4  
  95  7:18  Infestation Pit, Baneling x3  
  95  7:19  Hydralisk Den  
  91  7:23  Zergling x14  
  98  7:36  Overlord  
  98  7:43  Overlord  
  97  7:44  Zergling x16  
Show
View Real Time Build Order
Export as new Build Order

ShahriarDeMi Terran 

Build Orders: Liberator Opening, Reaper Expand, Mech 

Get SALT Encoding   

  12  0:00  SCV  
  13  0:12  SCV  
  14  0:18  Supply Depot  
  14  0:24  SCV  
  15  0:40  SCV  
  15  0:41  Barracks  
  16  0:45  Refinery  
  16  0:52  SCV  
  18  1:04  SCV  
  18  1:16  SCV  
  19  1:28  Reaper, Orbital Command  
  20  1:44  Command Center  
  20  1:54  Supply Depot  
  20  1:56  SCV  
  20  2:00  Marine  
  22  2:09  SCV  
  22  2:19  Factory  
  22  2:25  Marine  
  22  2:29  SCV  
  22  2:41  SCV  
  23  2:48  Bunker  
  23  2:53  SCV  
  23  2:54  Refinery  
  23  2:55  Barracks Reactor  
  24  3:05  SCV  
  25  3:06  Starport  
  25  3:08  Hellion  
  27  3:13  Orbital Command  
  27  3:17  SCV  
  28  3:29  SCV  
  28  3:33  Liberator  
  29  3:39  Factory Tech Lab  
  29  3:41  SCV  
  29  3:42  SCV  
  29  3:45  Barracks Tech Lab  
  29  3:46  Hellion x2  
  35  3:53  SCV  
  35  3:54  SCV  
  40  3:59  Supply Depot  
  40  4:05  SCV  
  40  4:06  SCV  
  40  4:07  Hellion x2  
  46  4:20  SCV x2  
  46  4:22  Supply Depot  
  48  4:27  Liberator  
  48  4:29  Hellion x2  
  52  4:32  SCV x2  
  52  4:38  Supply Depot  
  54  4:39  Armory  
  54  4:44  SCV x2  
  59  4:56  Hellion, SCV  
  59  4:57  Supply Depot  
  65  5:00  Hellion, SCV  
  65  5:09  SCV  
  65  5:12  SCV  
  67  5:19  Supply Depot  
  67  5:21  SCV  
  68  5:24  SCV  
  69  5:29  Command Center  
  69  5:33  SCV  
  70  5:39  Hellion x2  
  70  5:41  Marine  
  70  5:42  SCV  
  75  5:45  SCV  
  75  5:46  Factory  
  76  5:54  SCV  
  71  5:57  SCV  
  71  6:00  Hellion  
  63  6:05  Factory  
  63  6:06  Refinery, SCV  
  63  6:09  SCV  
  60  6:12  Refinery  
  60  6:16  Refinery x2  
  60  6:18  SCV  
  61  6:22  Hellion x2, SCV  
  66  6:26  Barracks Tech Lab  
  66  6:30  SCV  
  66  6:34  SCV  
  66  6:36  Raven  
  66  6:38  Factory Tech Lab  
  66  6:39  Factory  
  69  6:42  SCV  
  69  6:46  SCV  
  69  6:54  SCV  
  69  6:57  Orbital Command  
  66  7:01  Hellion x2  
  63  7:08  Siege Tank  
  66  7:24  SCV  
  66  7:27  Factory, SCV  
  68  7:30  SCV  
  68  7:35  Barracks Reactor  
  69  7:40  SCV  
  69  7:42  SCV x2  
  69  7:44  Factory Tech Lab  
  69  7:52  SCV  
Tags
 
Add a new tag
Caveats
  • Supply blocks, unpowered buildings, or Contaminate may cause inaccurate times.
  • Supply counts are checked every 10 seconds.